Map: Orbital Shipyard

Players

MorN

  • Race: Zerg Zerg
  • League: Platinum

kheldar

  • Race: Zerg Zerg

IamDrizzt

  • Race: Zerg Zerg
  • League: Platinum

Cïana

  • Race: Zerg Zerg

VOD

Have the link to the VOD?

Description

Time

  • Played on: Nov. 9, 2015, 10:24 p.m.
  • Length: 4:59
Show
View Real Time Build Order
Export as new Build Order

MorN Zerg 

Build Orders: Hatch First 

Get SALT Encoding   

  12  0:01  Drone  
  13  0:12  Overlord  
  13  0:18  Drone  
  14  0:30  Drone  
  14  0:31  Drone  
  16  0:50  Hatchery  
  16  0:52  Drone  
  16  0:56  Drone  
  17  1:04  Extractor  
  16  1:15  Spawning Pool  
  16  1:16  Drone  
  16  1:20  Drone  
  16  1:22  Drone  
  18  1:31  Drone  
  19  1:39  Overlord  
  19  2:03  Queen x2  
  19  2:06  Metabolic Boost  
  19  2:07  Zergling x2  
  24  2:10  Zergling x2  
  24  2:14  Zergling x2  
  26  2:18  Zergling x4  
  28  2:27  Baneling Nest  
  27  2:31  Zergling x2  
  28  2:39  Zergling x6  
  31  2:48  Overlord  
  31  3:08  Zergling x2  
  31  3:09  Zergling x8  
  31  3:10  Zergling x2  
  31  3:12  Zergling x4  
  39  3:15  Zergling x2  
  39  3:18  Zergling x2  
  41  3:21  Baneling x2  
  41  3:23  Baneling  
  41  3:25  Baneling  
  41  3:26  Baneling  
  41  3:36  Overlord  
  41  3:37  Zergling x2  
  41  3:54  Zergling x10  
  42  3:57  Baneling x2  
  42  4:03  Zergling x2  
  42  4:12  Zergling x6  
  43  4:18  Drone x2  
  44  4:24  Zergling x4  
  44  4:27  Drone  
  47  4:36  Drone x2  
  47  4:46  Roach Warren  
Show
View Real Time Build Order
Export as new Build Order

kheldar Zerg 

Build Orders: Pool First 

Get SALT Encoding   

  12  0:01  Drone  
  13  0:08  Drone  
  14  0:17  Overlord  
  14  0:26  Extractor  
  14  0:27  Drone  
  14  0:36  Drone x2  
  16  0:45  Drone  
  17  0:53  Spawning Pool  
  16  0:57  Drone  
  17  1:10  Drone  
  18  1:20  Drone  
  19  1:41  Queen  
  19  1:44  Hatchery  
  19  1:45  Zergling x2  
  21  1:50  Zergling x2  
  22  2:01  Overlord  
  22  2:07  Metabolic Boost  
  22  2:26  Zergling x6  
  25  2:34  Baneling Nest  
  24  2:37  Drone  
  25  2:52  Zergling x6  
  25  2:53  Zergling x2  
  25  2:55  Queen  
  31  3:01  Overlord  
  31  3:10  Extractor  
  30  3:26  Baneling x4  
  30  3:28  Drone x2, Zergling x4  
  34  3:36  Drone x2  
  34  3:49  Zergling x6  
  30  3:58  Zergling x2  
  30  3:59  Zergling x4  
  31  4:16  Queen  
  27  4:17  Zergling x2  
  27  4:18  Zergling x2  
  29  4:33  Zergling x4  
  29  4:34  Zergling x2  
Show
View Real Time Build Order
Export as new Build Order

IamDrizzt Zerg 

Build Orders:  

Get SALT Encoding   

Show
View Real Time Build Order
Export as new Build Order

Cïana Zerg 

Build Orders:  

Get SALT Encoding   

Tags
 
Add a new tag
Caveats
  • Supply blocks, unpowered buildings, or Contaminate may cause inaccurate times.
  • Supply counts are checked every 10 seconds.